Map: Sludge City

Players

Gracz

  • Race: Terran Terran
  • Spawn Location: 5:00

MrLichNost

  • Race: Protoss Protoss
  • Spawn Location: 5:00

A.I. 2 (Elite) - Winner!

  • Race: Terran Terran
  • Spawn Location: 11:00

A.I. 3 (Elite) - Winner!

  • Race: Protoss Protoss
  • Spawn Location: 9:00

VOD

Have the link to the VOD?

Description

Time

  • Played on: March 18, 2016, 7:55 p.m.
  • Length: 11:29
Show
View Real Time Build Order
Export as new Build Order

Gracz Terran 

Build Orders:  

Get SALT Encoding   

  12  0:02  SCV  
  13  0:14  SCV  
  14  0:21  Refinery  
  14  0:26  SCV  
  15  0:37  Supply Depot  
  15  0:58  SCV  
  15  0:59  Barracks  
  16  1:10  SCV  
  17  1:12  Engineering Bay  
  17  1:35  Barracks  
  17  1:44  SCV  
  18  1:49  Barracks Reactor  
  18  1:57  Supply Depot, SCV  
  19  2:09  Refinery  
  19  2:24  Barracks Reactor  
  19  2:34  Supply Depot  
  19  2:36  Reaper x2  
  21  2:44  SCV  
  22  2:53  Barracks  
  22  2:59  Barracks  
  22  3:11  Sensor Tower  
  22  3:34  Missile Turret  
  22  3:37  Orbital Command  
  22  3:41  Engineering Bay  
  22  3:42  Terran Infantry Weapons Level 1  
  22  3:52  Factory  
  22  3:53  Barracks Reactor  
  22  4:03  SCV  
  22  4:05  Barracks Reactor  
  22  4:09  Marine x2  
  25  4:45  Starport, Factory Tech Lab  
  25  4:47  Reaper x2  
  27  5:01  Reaper  
  28  5:17  SCV  
  28  5:18  Command Center  
  29  5:29  SCV  
  29  5:30  Factory  
  29  5:32  Reaper x2  
  32  5:48  Reaper  
  32  5:49  Reaper  
  34  5:52  SCV  
  35  6:01  Refinery  
  35  6:03  Marine  
  35  6:04  Marine, SCV  
  38  6:16  SCV  
  39  6:29  Supply Depot, Reaper  
  40  6:42  Reaper x2  
  40  6:43  Reaper  
  43  6:56  Reaper x2  
  45  7:01  Reaper, Orbital Command  
  46  7:19  Refinery, SCV  
  47  7:31  SCV  
  47  7:35  Supply Depot  
  48  7:43  SCV  
  49  7:49  Reaper x2  
  49  7:50  Reaper x3  
  56  7:51  Reaper x2  
  56  7:54  Starport Tech Lab  
  56  7:55  Factory Tech Lab, SCV  
  57  8:07  SCV  
  57  8:11  Starport  
  58  8:21  Supply Depot  
  58  8:31  Reaper x5  
  45  9:02  Starport Tech Lab, Banshee  
  43  9:04  Marine x3  
  43  9:05  Marine x2  
  43  9:06  Marine x3  
  47  9:22  Marine x4  
  47  9:23  Marine  
  47  9:24  Marine x3  
  50  9:34  Siege Tank x2  
  50  9:36  Banshee  
  59  9:40  Marine x4  
  59  9:41  Marine x4  
  59  9:42  Starport  
  65  9:57  Marine  
  65  9:58  Marine x2  
  47  10:18  Marine  
  47  10:19  Marine x3  
  43  10:22  Starport Tech Lab  
  43  10:23  Banshee  
  40  10:36  Marine x4  
  34  10:43  Banshee x2  
Show
View Real Time Build Order
Export as new Build Order

MrLichNost Protoss 

Build Orders: Double Forge 

Get SALT Encoding   

  12  0:03  Probe (Chrono Boost)  
  13  0:13  Probe (Chrono Boost)  
  14  0:24  Probe (Chrono Boost)  
  14  0:25  Assimilator  
  15  0:37  Assimilator  
  15  0:47  Pylon  
  15  1:06  Probe (Chrono Boost)  
  15  1:09  Gateway  
  16  1:13  Pylon  
  16  1:16  Probe (Chrono Boost)  
  17  1:27  Probe (Chrono Boost)  
  18  1:37  Probe (Chrono Boost)  
  18  1:39  Nexus  
  19  1:53  Pylon  
  19  1:56  Pylon  
  19  2:00  Zealot  
  21  2:09  Pylon  
  21  2:30  Forge  
  21  2:31  Zealot  
  23  2:40  Forge  
  23  2:58  Cybernetics Core  
  23  3:11  Photon Cannon  
  23  3:12  Protoss Ground Weapons Level 1  
  23  3:13  Photon Cannon  
  23  3:20  Probe (Chrono Boost)  
  24  3:31  Probe (Chrono Boost)  
  25  3:51  Nexus  
  25  4:02  Pylon  
  25  4:04  Probe (Chrono Boost)  
  26  4:11  Stalker  
  26  4:14  Probe (Chrono Boost)  
  29  4:20  Protoss Shields Level 1  
  29  4:25  Probe (Chrono Boost)  
  30  4:31  Photon Cannon  
  30  4:35  Probe (Chrono Boost)  
  30  4:38  Photon Cannon  
  31  4:56  Probe (Chrono Boost)  
  32  5:01  Stalker  
  32  5:06  Probe (Chrono Boost)  
  35  5:13  Probe (Chrono Boost)  
  36  5:17  Probe (Chrono Boost)  
  37  5:25  Probe (Chrono Boost)  
  38  5:31  Stalker  
  38  5:34  Twilight Council  
  40  5:36  Probe (Chrono Boost)  
  41  5:45  Gateway  
  41  5:55  Probe (Chrono Boost)  
  42  6:01  Zealot  
  44  6:05  Gateway  
  44  6:06  Probe (Chrono Boost)  
  44  6:08  Pylon  
  45  6:16  Probe x2 (Chrono Boost)  
  47  6:27  Probe x2 (Chrono Boost)  
  47  6:29  Photon Cannon, Zealot  
  51  6:37  Probe (Chrono Boost)  
  52  6:45  Assimilator  
  52  6:48  Assimilator  
  52  6:55  Assimilator  
  52  6:56  Zealot  
  52  6:57  Probe (Chrono Boost)  
  55  7:04  Robotics Facility  
  55  7:06  Charge  
  55  7:11  Protoss Shields Level 2  
  55  7:23  Zealot  
  57  7:32  Dark Shrine  
  57  7:34  Zealot  
  59  7:59  Templar Archives  
  59  8:01  Zealot  
  61  8:07  Probe (Chrono Boost)  
  61  8:11  Probe (Chrono Boost)  
  63  8:18  Probe (Chrono Boost)  
  64  8:21  Probe (Chrono Boost)  
  64  8:22  Photon Cannon  
  64  8:25  Photon Cannon  
  65  8:28  Probe (Chrono Boost)  
  68  8:34  Assimilator  
  68  8:38  Pylon  
  62  8:41  Pylon  
  56  9:03  Dark Templar  
  56  9:06  Zealot  
  60  9:12  Photon Cannon  
  60  9:15  Photon Cannon  
  60  9:17  Photon Cannon  
  60  9:19  Photon Cannon  
  60  9:25  Nexus  
  60  9:33  Zealot  
  62  9:42  Dark Templar  
  41  10:00  Zealot  
  43  10:11  Gateway  
  43  10:21  Dark Templar  
  43  10:27  Zealot  
  41  10:54  Zealot  
Show
View Real Time Build Order
Export as new Build Order

A.I. 2 (Elite) Terran - Winner!

Build Orders: MMM Bio 

Get SALT Encoding   

  12  0:01  SCV  
  13  0:13  SCV  
  14  0:20  Supply Depot  
  14  0:25  SCV  
  15  0:41  SCV  
  16  0:43  Barracks  
  16  0:54  SCV  
  17  1:06  SCV  
  18  1:18  Supply Depot, SCV  
  19  1:22  Refinery  
  19  1:30  Marine, SCV  
  21  1:42  SCV  
  22  1:47  Marine  
  22  1:53  Barracks  
  23  1:54  SCV  
  23  1:59  Refinery  
  24  2:05  Marine  
  24  2:06  Supply Depot, Orbital Command  
  25  2:23  Marine  
  26  2:32  SCV  
  27  2:41  Marine  
  29  2:44  SCV  
  29  2:45  Command Center  
  29  3:03  Factory  
  29  3:04  SCV  
  30  3:06  Marine  
  30  3:09  Marine  
  32  3:16  SCV  
  33  3:24  Marine  
  33  3:27  Marine  
  33  3:28  SCV  
  35  3:40  SCV  
  36  3:41  Barracks  
  36  3:47  Barracks Tech Lab  
  36  3:50  Barracks Tech Lab  
  36  3:52  SCV, Factory Tech Lab  
  37  3:57  SCV  
  38  4:04  SCV  
  38  4:05  Supply Depot  
  38  4:09  SCV  
  40  4:11  Marine  
  40  4:13  Marine  
  40  4:16  SCV  
  43  4:19  Stimpack  
  43  4:21  SCV  
  44  4:27  Siege Tank  
  44  4:28  SCV  
  44  4:30  Combat Shields  
  48  4:33  SCV  
  48  4:37  Marine  
  50  4:40  Marine  
  50  4:41  SCV  
  52  4:45  SCV  
  53  4:55  Marauder  
  53  4:58  Marauder, Orbital Command  
  53  4:59  Supply Depot  
  57  5:17  Marauder  
  57  5:18  Engineering Bay  
  57  5:19  Marauder  
  61  5:24  Supply Depot  
  61  5:29  Command Center  
  61  5:38  Marauder  
  61  5:41  Marauder  
  65  5:45  Terran Infantry Weapons Level 1  
  65  6:00  Marauder  
  65  6:02  Marauder  
  65  6:03  Engineering Bay  
  69  6:04  Barracks Reactor  
  69  6:08  Concussive Shells, Supply Depot  
  69  6:17  Starport  
  69  6:20  Marine  
  69  6:23  Marauder  
  72  6:29  Terran Infantry Armor Level 1  
  72  6:34  Supply Depot  
  72  6:39  Marauder  
  74  6:40  Marine  
  74  6:41  Marine, SCV  
  74  6:43  SCV  
  74  6:44  SCV  
  74  6:45  Marauder  
  81  6:53  SCV  
  81  6:54  Medivac  
  84  6:55  SCV  
  84  6:56  SCV  
  84  7:00  Marauder  
  88  7:05  SCV  
  89  7:11  Barracks, Orbital Command  
  89  7:13  Missile Turret  
  89  7:14  Missile Turret  
  89  7:24  Medivac  
  89  7:25  Command Center  
  91  7:30  Marine  
  91  7:32  Marine  
  91  7:33  Marine  
  91  7:34  Marine  
  95  7:39  Supply Depot  
  95  7:49  Marauder  
  97  7:51  Missile Turret  
  97  7:52  Marauder  
  97  7:54  Starport Reactor  
  99  8:03  Supply Depot  
  99  8:10  Marauder  
  99  8:12  Missile Turret  
  101  8:13  Refinery  
  101  8:14  Marauder  
  103  8:25  Refinery  
  103  8:30  Medivac, Viking  
  103  8:31  Marauder  
  109  8:35  Supply Depot, Marauder  
  109  8:38  SCV  
  109  8:39  SCV  
  109  8:41  SCV  
  111  8:43  SCV  
  112  8:50  SCV  
  112  8:51  SCV  
  112  8:53  SCV, Marauder  
  112  8:55  SCV  
  110  8:56  Marine  
  110  8:57  Marine, Marauder  
  110  9:02  SCV  
  114  9:04  SCV  
  114  9:05  SCV  
  116  9:12  Marine  
  116  9:14  Marine  
  116  9:16  Armory  
  115  9:17  Marine x2  
  115  9:19  Marine  
  115  9:23  Planetary Fortress  
  118  9:28  Missile Turret  
  118  9:29  Medivac  
  118  9:30  Missile Turret, Marine  
  121  9:31  Marine  
  121  9:34  Command Center  
  122  9:42  Marine  
  122  9:43  Marine  
  124  9:48  Marine x2  
  124  9:50  Marauder  
  115  9:53  Viking  
  115  9:59  Viking  
  109  10:00  Marine  
  109  10:01  Marine  
  109  10:06  Marine  
  110  10:07  Marine  
  110  10:10  Missile Turret  
  110  10:11  Marauder  
  109  10:19  Marine, Marauder  
  112  10:23  Factory, Marine, Viking  
  112  10:25  Marine  
  112  10:26  Starport  
  116  10:29  Viking  
  116  10:33  Marauder  
  116  10:34  Refinery  
  120  10:38  Marine, Refinery  
  120  10:40  Marauder  
  122  10:47  SCV  
  122  10:48  SCV x2  
  122  10:49  SCV x2  
  127  10:53  Viking  
  127  10:54  Marauder  
  131  10:59  SCV  
  131  11:01  SCV x2  
  131  11:02  SCV x2  
  136  11:06  Refinery  
  136  11:07  Starport Tech Lab  
  136  11:10  Missile Turret  
  140  11:12  Missile Turret, Factory Tech Lab, SCV  
  140  11:13  SCV  
  140  11:15  SCV  
  140  11:16  SCV  
  144  11:18  Supply Depot  
Show
View Real Time Build Order
Export as new Build Order

A.I. 3 (Elite) Protoss - Winner!

Build Orders: Mass Adepts, Zealot Archon 

Get SALT Encoding   

  12  0:01  Probe (Chrono Boost)  
  13  0:11  Probe (Chrono Boost)  
  14  0:20  Pylon  
  14  0:22  Probe (Chrono Boost)  
  15  0:38  Probe (Chrono Boost)  
  16  0:46  Assimilator  
  16  0:48  Probe (Chrono Boost)  
  17  0:50  Gateway  
  17  0:58  Pylon  
  17  0:59  Probe (Chrono Boost)  
  18  1:09  Probe (Chrono Boost)  
  19  1:20  Probe (Chrono Boost)  
  20  1:30  Probe (Chrono Boost)  
  21  1:37  Gateway  
  21  1:38  Zealot  
  23  1:42  Probe (Chrono Boost), Cybernetics Core  
  24  1:52  Pylon  
  24  1:53  Probe (Chrono Boost)  
  25  2:03  Zealot  
  25  2:05  Probe (Chrono Boost)  
  28  2:15  Warp Gate  
  29  2:16  Probe (Chrono Boost)  
  29  2:23  Adept  
  29  2:29  Adept  
  31  2:34  Gateway  
  33  2:42  Gateway  
  33  2:49  Stalker  
  35  2:55  Stalker  
  37  3:03  Pylon  
  37  3:04  Probe (Chrono Boost)  
  38  3:08  Assimilator  
  38  3:15  Probe (Chrono Boost)  
  38  3:20  Adept  
  38  3:23  Adept  
  38  3:26  Probe (Chrono Boost)  
  43  3:30  Stalker  
  45  3:37  Stalker  
  47  3:50  Pylon  
  47  4:07  Adept x4  
  55  4:22  Pylon  
  55  4:41  Adept, Zealot  
  55  4:42  Adept  
  55  4:43  Zealot  
  63  4:47  Pylon  
  63  4:57  Robotics Facility  
  63  5:05  Adept  
  63  5:06  Adept  
  67  5:12  Adept  
  69  5:18  Adept  
  71  5:27  Pylon  
  71  5:36  Pylon  
  71  5:38  Probe (Chrono Boost)  
  71  5:45  Sentry  
  71  5:48  Twilight Council  
  73  6:22  Zealot x2  
  77  6:27  Pylon  
  77  6:31  Templar Archives  
  77  6:34  Nexus  
  77  6:53  Stalker  
  79  7:02  Stalker  
  79  7:07  Pylon  
  79  7:08  High Templar x2  
  85  7:15  Observer  
  85  7:16  Archon  
  86  7:23  Zealot  
  88  7:35  Pylon  
  88  7:45  High Templar  
  88  7:47  Probe (Chrono Boost)  
  88  7:48  Probe (Chrono Boost)  
  92  7:56  Assimilator  
  93  7:58  Probe (Chrono Boost)  
  93  7:59  Probe (Chrono Boost)  
  94  8:07  Assimilator  
  94  8:13  High Templar  
  94  8:18  Probe (Chrono Boost)  
  98  8:20  Probe (Chrono Boost)  
  98  8:21  Stalker  
  100  8:27  Stalker, Zealot  
  100  8:31  Probe x2 (Chrono Boost)  
  105  8:38  Archon  
  106  8:42  Probe (Chrono Boost)  
  106  8:43  Sentry, Zealot  
  106  8:45  Probe (Chrono Boost)  
  106  8:46  Zealot  
  106  8:47  Pylon  
  113  8:52  High Templar  
  115  9:05  Nexus  
  115  9:06  High Templar  
  117  9:17  Forge  
  117  9:27  Psionic Storm  
  117  9:34  Forge  
  117  9:42  Zealot x2  
  117  9:43  Zealot  
  123  9:46  Zealot  
  123  9:49  Pylon  
  125  10:01  Stalker  
  125  10:02  Zealot  
  125  10:04  Stalker  
  131  10:10  Archon  
  131  10:13  Stalker  
  133  10:15  Pylon  
  133  10:18  Probe x2 (Chrono Boost)  
  133  10:20  Probe (Chrono Boost)  
  136  10:29  Probe (Chrono Boost)  
  136  10:30  Probe (Chrono Boost)  
  136  10:31  Probe (Chrono Boost)  
  137  10:41  Probe x2 (Chrono Boost)  
  140  10:43  Probe (Chrono Boost)  
  140  10:52  Probe (Chrono Boost)  
  140  10:53  Probe (Chrono Boost)  
  140  10:54  Probe (Chrono Boost)  
  143  10:58  Stalker  
  143  11:03  Probe (Chrono Boost)  
  151  11:04  Probe (Chrono Boost)  
  151  11:05  Probe (Chrono Boost)  
  151  11:07  Pylon  
  152  11:14  Probe (Chrono Boost)  
  152  11:16  Nexus  
Tags
 
Add a new tag
Caveats
  • Supply blocks, unpowered buildings, or Contaminate may cause inaccurate times.
  • Supply counts are checked every 10 seconds.